AoeStats
← Ignos

Black Forest

504802222Analyzed
1v1 RM · 25d ago on Sep 6, 2026· 52m 32s· 2 players
Game mode
Random Map
Map size
Tiny (2 player)
Population
200
Speed
Normal
Resources
Standard
Victory
Conquest
Starting age
Dark Age
Ending age
Imperial Age
RankedLock teamsTeams togetherTeam positionsShared explorationLock speedFull tech treeHidden civsTurbo modeCheats
Victory
Defeat
🇩🇪 Portuguese · Germany
623
+14
🇪🇸 Franks · Spain
582
-14
Ignos
7:38 Loom
10:53 Feudal Age
12:19 Wheelbarrow
14:00 Double-Bit Axe
24:54 Castle Age
23:56 Scale Mail Armor
25:23 Scale Barding Armor
25:44 Husbandry
30:10 Pikeman
33:50 Hand Cart
36:18 Forging
38:26 Iron Casting
38:07 Chain Mail Armor
37:50 Fletching
43:22 Imperial Age
40:49 Gold Mining
40:50 Stone Mining
45:46 Elite Throwing Axeman
47:51 Blast Furnace
Fredda
13:21 Loom
15:18 Feudal Age
21:04 Castle Age
20:46 Bloodlines
21:28 Scale Barding Armor
21:50 Forging
25:17 Chain Barding Armor
26:25 Husbandry
27:08 Iron Casting
31:44 Double-Bit Axe
31:43 Horse Collar
37:32 Bow Saw
37:45 Heavy Plow
45:23 Imperial Age
45:48 Cavalier
45:51 Elite Skirmisher
46:37 Thumb Ring
46:15 Onager
47:20 Murder Holes
47:37 Masonry
Connection lost

Rejoining the realm…

Still unreachable

The connection could not be restored.

Session expired

The server has moved on; the page needs a fresh start.